 Dungeon Crawl Stone Soup version 0.31-a0-188-g5e087ee2ca (webtiles) character file.

Game seed: 1593137373111417412

141 qw the Skirmisher (level 5, -3/29 HPs)
             Began as a Deep Elf Hunter on June 23, 2023.
             Slain by Ijyb
             ... wielding a +6 club
              (6 damage)
             ... on level 4 of the Dungeon.
             The game lasted 00:01:00 (2522 turns).

qw the Skirmisher (Deep Elf Hunter)                 Turns: 2522, Time: 00:01:01

Health: -3/29      AC:  9    Str: 10    XL:     5   Next: 3%
Magic:  7/7        EV: 11    Int: 14    God:
Gold:   132        SH:  0    Dex: 18    Spells: 4/4 levels left

rFire   + . .        Y - +1 shortbow
rCold   + . .        (shield currently unavailable)
rNeg    + . .        b - +1 ring mail of the Gloaming {rF+ rCorr SInv}
rPois   .            g - +0 helmet
rElec   .            c - +1 cloak {rCorr}
rCorr   +            (no gloves)
SInv    +            (no boots)
Will    .....        j - amulet of faith
Stlth   +            h - ring of protection from cold
HPRegen 0.24/turn    k - ring of positive energy
MPRegen 0.10/turn

%: faith
@: no status effects
A: no striking features
a: no special abilities


You were on level 4 of the Dungeon.
You visited 1 branch of the dungeon, and saw 4 of its levels.

You collected 132 gold pieces.


   Skills:
 - Level 1.5 Fighting
 + Level 8.4 Ranged Weapons
 - Level 2.4 Dodging
 - Level 1.2 Stealth


You had 4 spell levels left.
You didn't know any spells.
Your spell library was empty.

Inventory:

Hand Weapons
 Y - a +1 shortbow (weapon)
Armour
 b - the +1 ring mail of the Gloaming (worn) {rF+ rCorr SInv}
   (You found it on level 3 of the Dungeon)

   rF:        It protects you from fire.
   SInv:      It lets you see invisible.
   rCorr:     It protects you from acid and corrosion.
 c - a +1 cloak of preservation (worn)
 d - a +0 pair of boots
 g - a +0 helmet (worn)
Jewellery
 a - a ring of ice
 h - a ring of protection from cold (left hand)
 j - an amulet of faith (around neck)
 k - a ring of positive energy (right hand)
Scrolls
 f - a scroll of identify
Potions
 e - a potion of haste
 i - a potion of lignification {unknown}

Dungeon Overview and Level Annotations

Branches:
Dungeon (4/15)
 Temple: D:4-7

Altars:
Kikubaaqudgha

Annotations:
D:4 Ijyb


Message History

Ijyb closely misses you.
An iguana comes into view.
Ijyb closely misses you.
You shoot an arrow. The arrow hits Ijyb but does no damage.
Ijyb is lightly wounded.
Ijyb barely misses you.
You shoot an arrow. The arrow hits Ijyb but does no damage.
Ijyb is lightly wounded.
Ijyb barely misses you.
You shoot an arrow. The arrow hits Ijyb!
Ijyb is heavily wounded.
Ijyb closely misses you.
You shoot an arrow. The arrow hits Ijyb but does no damage.
Ijyb is heavily wounded.
Ijyb zaps a wand.
The puff of flame hits you. You resist.
You shoot an arrow. The arrow hits Ijyb but does no damage.
Ijyb is heavily wounded.
Ijyb barely misses you.
You shoot an arrow. The arrow hits Ijyb but does no damage.
Ijyb is heavily wounded.
Ijyb closely misses you.
You shoot an arrow. The arrow hits Ijyb.
Ijyb is severely wounded.
Ijyb hits you with a +6 club! x2
You shoot an arrow. The arrow hits Ijyb.
Ijyb is severely wounded.
Ijyb hits you with a +6 club.
You shoot an arrow. The arrow hits Ijyb but does no damage.
Ijyb is severely wounded.
Ijyb hits you but does no damage.
You shoot an arrow. The arrow hits Ijyb but does no damage.
Ijyb is severely wounded.
Ijyb barely misses you.
You shoot an arrow. The arrow hits Ijyb but does no damage.
Ijyb is severely wounded.
Ijyb hits you with a +6 club.
You shoot an arrow. The arrow completely misses Ijyb.
The arrow closely misses the iguana.
Ijyb hits you with a +6 club.
You die...

#...................
#.........).........
##...##.####..######
#######.#####+#
..............#
..............#
..............#
..............#
...........@..#
#.###+#####g### #.
.l. #.... #.....
#...... #.......
#........


You could see Ijyb and an iguana.

Vanquished Creatures
  4 gnolls (D:3)
  An adder (D:3)
  2 worms
  3 dart slugs
  5 orcs (D:3)
  7 ball pythons
  3 endoplasms
  4 giant cockroaches
  9 goblins
  6 hobgoblins
  6 jackals
  4 quokkas
  5 bats
  3 frilled lizards
  3 kobolds
  7 rats
72 creatures vanquished.

Notes
Turn   | Place    | Note
-------+----------+-------------------------------------------
     0 | D:1      | qw the Deep Elf Hunter began the quest for the Orb.
     0 | D:1      | Reached XP level 1. HP: 12/12 MP: 3/3
     0 | D:1      | 0 ||| qw: Version: 0.3-a-9-g12657ce
     0 | D:1      | 0 ||| qw: Game counter: 4185
     0 | D:1      | 0 ||| qw: Always use a shield: true
     0 | D:1      | 0 ||| qw: God list: Okawaru
     0 | D:1      | 0 ||| qw: Allow faded altars: false
     0 | D:1      | 0 ||| qw: Do Orc after D:15 true
     0 | D:1      | 0 ||| qw: Do second Lair branch before Depths: true
     0 | D:1      | 0 ||| qw: Lair rune preference: random
     0 | D:1      | 0 ||| qw: Plans: Normal
     0 | D:1      | 0 ||| PLANNING D:1-11
   129 | D:1      | Reached skill level 6 in Ranged Weapons
   129 | D:1      | Reached XP level 2. HP: 13/16 MP: 4/4
   270 | D:1      | 270 ||| UPGRADING to +0 ring mail.
   280 | D:1      | 280 ||| DROPPING +0 leather armour.
   281 | D:1      | 281 ||| DROPPING scroll of butterflies.
   534 | D:1      | 534 ||| UPGRADING to +1 cloak of preservation.
   539 | D:1      | 539 ||| UPGRADING to +0 helmet.
   544 | D:1      | 544 ||| UPGRADING to ring of protection from cold.
   545 | D:1      | 545 ||| READING scroll labelled NITEKL PEEF.
   646 | D:1      | 646 ||| READING scroll labelled RYCVELEYNTO.
   647 | D:1      | 647 ||| READING scroll labelled YDDADU SETHREG.
   743 | D:2      | Reached XP level 3. HP: 14/20 MP: 5/5
   815 | D:2      | Found an ancient bone altar of Kikubaaqudgha.
  1063 | D:2      | Reached skill level 7 in Ranged Weapons
  1405 | D:2      | 1405 ||| READING scroll labelled RUPYRAFRUPT.
  1406 | D:2      | 1406 ||| READING scroll labelled DEOLOB GO HOR.
  1627 | D:3      | Reached XP level 4. HP: 25/25 MP: 6/6
  1831 | D:3      | 1831 ||| Stepping ~*~*~tactically~*~*~ (outnumbered).
  1833 | D:3      | 1833 ||| Stepping ~*~*~tactically~*~*~ (outnumbered).
  1843 | D:3      | Reached skill level 8 in Ranged Weapons
  1843 | D:3      | 1843 ||| FLEEEEING.
  1844 | D:3      | 1844 ||| FLEEEEING.
  1845 | D:3      | 1845 ||| FLEEEEING.
  1846 | D:3      | 1846 ||| FLEEEEING.
  1847 | D:3      | 1847 ||| FLEEEEING.
  1848 | D:3      | 1848 ||| FLEEEEING.
  1849 | D:3      | 1849 ||| FLEEEEING.
  1850 | D:3      | 1850 ||| FLEEEEING.
  1851 | D:3      | 1851 ||| FLEEEEING.
  1852 | D:3      | 1852 ||| STAIRDANCE
  1914 | D:2      | 1914 ||| UPGRADING to amulet of faith.
  1919 | D:2      | 1919 ||| READING scroll labelled GORRASS QIVVUDWI.
  1922 | D:2      | 1922 ||| READING 2 scrolls labelled NUGREI YGELAE.
  1923 | D:2      | 1923 ||| READING scroll labelled ACRAGH SOAWOG.
  2010 | D:3      | Identified the +1 ring mail of the Gloaming {rF+ rCorr
                  | SInv}
  2135 | D:3      | Reached XP level 5. HP: 29/29 MP: 7/7
  2243 | D:3      | 2243 ||| UPGRADING to +1 ring mail of the Gloaming {rF+
                  | rCorr SInv}.
  2253 | D:3      | 2253 ||| DROPPING +0 ring mail.
  2254 | D:3      | 2254 ||| UPGRADING to ring of positive energy.
  2255 | D:3      | 2255 ||| READING 2 scrolls of identify.
  2255 | D:3      | 2255 ||| IDENTIFYING fuming white potion
  2504 | D:4      | Noticed Ijyb
  2517 | D:4      | HP: 7/29 [Ijyb/+6 club (10)]
  2521 | D:4      | HP: 3/29 [Ijyb/+6 club (3)]
  2522 | D:4      | Slain by Ijyb

Levels and vault maps discovered:
D:1:      sevenhm_arrival_forest_fort_large_4, layout_rooms, grunt_decor_cap
D:2:      layout_basic, basic_altar, hangedman_abyss_or_decor_stabs,
          interstate_on_off, minmay_split_cup_large
D:3:      layout_loops_cross
D:4:      layout_gridville, gammafunk_temple_overflow_forgotten, uniq_ijyb

Skill      XL: |  1  2  3  4 |
---------------+-------------+-----
Ranged Weapons | 6 7 8 |  8.4
Fighting       | |  1.5
Dodging        | |  2.4
Stealth        | |  1.2

Action                     |  1- 3 |  4- 6 || total
---------------------------+-------+-------++-------
   Fire: Shortbow          |   125 |    79 ||   204
    Use: Scroll            |     5 |     4 ||     9
 Armour: Leather armour    |     5 |       ||     5
         Ring mail         |    13 |    20 ||    33
  Dodge: Dodged            |    23 |    31 ||    54

Table legend:
 A = Non-vault XP
 B = Vault XP
 C = Vault XP percentage of total XP
 D = Non-vault monster count
 E = Vault monster count
 F = Vault count percentage of total count
                 A         B        C        D         E       F
            +---------+---------+-------+---------+---------+-------
      Total |     193 |       9 |   4.5 |      68 |       4 |   5.6
            +---------+---------+-------+---------+---------+-------
        D:1 |      36 |       0 |   0.0 |      23 |       0 |   0.0
        D:2 |      29 |       9 |  23.7 |      16 |       4 |  20.0
        D:3 |     128 |       0 |   0.0 |      29 |       0 |   0.0
            +---------+---------+-------+---------+---------+-------
